 Dungeon Crawl Stone Soup version 0.32-a0-171-g4625e66871 (webtiles) character file.

Game seed: 15570810383606650698

35 gruber the Magician (level 3, -3/31 HPs)
             Began as an Oni Fire Elementalist on Feb 12, 2024.
             Slain by Jessica
             ... wielding a +4 dagger of venom
              (6 damage)
             ... on level 2 of the Dungeon.
             The game lasted 00:01:20 (2009 turns).

gruber the Magician (Oni Fire Elementalist)         Turns: 2009, Time: 00:01:21

Health: -3/31      AC:  3    Str: 12    XL:     3   Next: 35%
Magic:  5/8        EV:  9    Int: 18    God:
Gold:   70         SH:  0    Dex:  9    Spells: 9/10 levels left

rFire   . . .        (no weapon)
rCold   . . .        (no shield)
rNeg    . . .        a - +0 robe
rPois   .            (helmet restricted)
rElec   .            (no cloak)
rCorr   .            (gloves unavailable)
SInv    .            (boots unavailable)
Will    .....        (no amulet)
Stlth   +            (no ring)
HPRegen 0.25/turn    (no ring)
MPRegen 0.11/turn

%: no passive effects
@: lethally poisoned (-3 -> -30), very slightly contaminated
A: large, unfitting armour, horns 1, tough skin 1, double potion healing,
drunken brawling
a: no special abilities


You were on level 2 of the Dungeon.
You visited 1 branch of the dungeon, and saw 2 of its levels.

You collected 70 gold pieces.

Inventory:

Armour
 a - a +0 robe (worn)
Scrolls
 c - a scroll of amnesia {unknown}
 d - a scroll of fear {unknown}
 f - a scroll of brand weapon {unknown}
Potions
 b - a potion of magic
 e - a potion of curing {unknown}


   Skills:
 - Level 1.7 Dodging
 - Level 1.4 Stealth
 - Level 4.0 Spellcasting
 - Level 0.8 Conjurations
 * Level 2.9 Fire Magic


You had 9 spell levels left.
You knew the following spells:

 Your Spells              Type           Power      Damage    Failure   Level
a - Foxfire               Conj/Fire      40%        2x1d6     7%          1

Your spell library contained the following spells:

 Spells                   Type           Power      Damage    Failure   Level
 Scorch                   Fire           28%        2d6       7%          2
 Inner Flame              Hex/Fire       8%         N/A       24%         3
 Volatile Blastmotes      Fire/Tloc      16%        2d11      24%         3
 Call Canine Familiar     Summ           3%         N/A       41%         3
 Sigil of Binding         Hex            3%         N/A       41%         3
 Flame Wave               Conj/Fire      10%        2d6       56%         4
 Dimensional Bullseye     Hex/Tloc       1%         N/A       82%         4


Dungeon Overview and Level Annotations

Branches:
Dungeon (2/15)

Altars:

Shops:
D:2 :

Annotations:
D:2 Jessica


Innate Abilities, Weirdness & Mutations

You are too large for most types of armour.
You have a pair of small horns on your head.
You have tough skin. (AC +1)
You gain doubled healing and magic from potions.
Whenever you drink a healing potion, you attack all around you.


Message History

The bat is moderately wounded.
You conjure some foxfire!
The foxfire hits the bat but does no damage.
The bat barely misses you.
You conjure some foxfire!
The foxfire hits the bat.
You kill the bat!
You miscast Foxfire.
You are very lightly contaminated with residual magic.
Nothing appears to happen.
Your magical contamination has completely faded away.
You see here a bat corpse.
Found 6 stones.
You see here 6 stones.
Jessica the Apprentice Sorceress comes into view.
She is wielding a +4 dagger of venom.
Jessica is nearby!
Jessica is nearby!
Jessica shouts!
You conjure some foxfire!
The foxfire hits Jessica.
Jessica is heavily wounded.
Jessica mumbles some strange words.
Jessica blinks!
You miscast Foxfire.
You are very lightly contaminated with residual magic.
Nothing appears to happen.
The foxfire hits Jessica.
Jessica is severely wounded.
Jessica closely misses you.
Jessica hits you with a +4 dagger of venom!
You are poisoned.
You conjure some foxfire!
You feel very sick.
Jessica hits you with a +4 dagger of venom!
You are more poisoned.
You are too injured to fight recklessly!
* * * LOW HITPOINT WARNING * * *
You feel extremely sick.
The foxfire hits Jessica but does no damage.
Jessica is severely wounded.
Jessica hits you with a +4 dagger of venom.
You die...

#.# #.# #.#
#.# #.# #.#
#.#######
#@@.....#
#######.# ##
#.# #.
#.######+##.
#.##........
#(##........
#.##........
#.##........
#.#......##.


You could see Jessica.

Vanquished Creatures
  A ball python (D:1)
  5 bats
  4 endoplasms (D:1)
  3 giant cockroaches
  6 goblins
  A hobgoblin (D:1)
  3 quokkas (D:1)
  A frilled lizard (D:1)
  2 kobolds (D:1)
  5 rats
31 creatures vanquished.

Vanquished Creatures (others)
  142 foxfires
142 creatures vanquished.

Grand Total: 173 creatures vanquished

Notes
Turn   | Place    | Note
-------+----------+-------------------------------------------
     0 | D:1      | gruber the Oni Fire Elementalist began the quest for the
                  | Orb.
     0 | D:1      | Reached XP level 1. HP: 16/16 MP: 3/3
   197 | D:1      | Reached skill level 3 in Spellcasting
   314 | D:1      | Reached XP level 2. HP: 24/24 MP: 4/6
  1086 | D:1      | Reached XP level 3. HP: 31/31 MP: 4/8
  1324 | D:1      | Reached skill level 4 in Spellcasting
  1788 | D:2      | Found Raenas's Book Shop.
  2002 | D:2      | Noticed Jessica
  2009 | D:2      | Slain by Jessica

Illustrated notes

Levels and vault maps discovered:
D:1:      dpeg_arrival_orchard, layout_basic, hex_tiny, nrook_uturn,
          dk_noncrumbling_4
D:2:      layout_basic, serial_shops, nicolae_shop_tiny_waterfront, uniq_jessica

Skill      XL: |  1  2  3 |
---------------+----------+-----
Spellcasting   | 3 4 |  4.0
Dodging        | |  1.7
Stealth        | |  1.4
Conjurations   | |  0.8
Fire Magic     | |  2.9

Action                     || total
---------------------------++-------
  Melee: Unarmed           ||     1
         Headbutt          ||     1
   Cast: Foxfire           ||    87
 Armour: Robe              ||    10
  Dodge: Dodged            ||     7

Table legend: (Time is in decaauts)
 A = Elapsed time spent in this place.
 B = Non-inter-level travel time spent in this place.
 C = Inter-level travel time spent in this place.
 D = Time resting spent in this place.
 E = Time spent auto-exploring this place.
 F = Levels seen in this place.
 G = Mean time per level.
                   A        B        C        D        E       F      G
               +--------+--------+--------+--------+--------+-----+--------+
         Total |   2008 |   1978 |     30 |      0 |   1781 |   2 | 1004.0 |
       Dungeon |   2008 |   1978 |     30 |      0 |   1781 |   2 | 1004.0 |
               +--------+--------+--------+--------+--------+-----+--------+

Top non-repeatable levels by time:
     D:1: 1693 daAuts
     D:2: 315 daAuts
